 Dungeon Crawl Stone Soup version 0.28.0-53-g5a82cb258f (webtiles) character file.

Game seed: 9193464148565287494

150009 mortz the Unforgettable (level 17, -4/119 HPs)
             Began as a Gnoll Conjurer on Aug 14, 2022.
             Was the Champion of Hepliaklqana.
             Slain by a fenstrider witch (5 damage)
             ... while paralysed by a fenstrider witch
             ... on level 3 of the Swamp on Aug 18, 2022.
             The game lasted 05:19:03 (43456 turns).

mortz the Unforgettable (Gnoll Conjurer)           Turns: 43456, Time: 05:19:03

Health: -4/119     AC: 21    Str: 15    XL:     17   Next: 52%
Magic:  6/33       EV:  2    Int: 23    God:    Hepliaklqana [******]
Gold:   1578       SH:  0    Dex: 17    Spells: 2/41 levels left

rFire   . . .      SeeInvis .   c - +8 rapier "Xarezxiu" {freeze, rElec Str+4 Dex+4, short}
rCold   . . .      Faith    .   X - +2 buckler
rNeg    + . .      Spirit   .   L - +0 swamp dragon scales
rPois   +          Reflect  .   N - +1 helmet
rElec   +          Harm     .   j - +1 cloak
rCorr   +          Rampage  .   t - +2 pair of gloves
Will    +....                   G - +1 pair of boots
Stlth   +++++.....              p - amulet of magic regeneration {@e2}
HPRegen 0.29/turn               a - ring "Nonounul" {rN+ rCorr Int+4}
MPRegen 0.63/turn               y - ring of flight

@: paralysed, flying
A: reduced essence, fangs 1, strong nose, distributed training
a: Renounce Religion, Recall Ancestor, Ancestor Identity, Transference, Idealise


You were on level 3 of the Swamp.
You worshipped Hepliaklqana.
Hepliaklqana was exalted by your worship.
You visited 5 branches of the dungeon, and saw 28 of its levels.
You also visited: Gauntlet.

You collected 3203 gold pieces.
You spent 1625 gold pieces at shops.


Innate Abilities, Weirdness & Mutations

Your life essence is reduced to manifest your ancestor. (-10% HP)
You have very sharp teeth.
Your uncanny sense of smell can sniff out nearby items.
Your experience applies equally to all skills.


   Skills:
 + Level 11.7 Fighting
 + Level 11.7 Short Blades
 + Level 11.7 Long Blades
 + Level 11.7 Axes
 + Level 11.7 Maces & Flails
 + Level 11.7 Polearms
 + Level 11.7 Staves
 + Level 11.7 Slings
 + Level 11.7 Bows
 + Level 11.7 Crossbows
 + Level 11.7 Throwing
 + Level 11.7 Armour
 + Level 12.5 Dodging
 + Level 12.4 Stealth
 + Level 11.7 Shields
 + Level 11.7 Unarmed Combat
 + Level 12.7 Spellcasting
 + Level 12.1 Conjurations
 + Level 9.9 Hexes
 + Level 9.9 Summonings
 + Level 9.9 Necromancy
 + Level 9.9 Translocations
 + Level 9.9 Transmutations
 + Level 9.9 Fire Magic
 + Level 9.9 Ice Magic
 + Level 9.9 Air Magic
 + Level 9.9 Earth Magic
 + Level 9.9 Poison Magic
 + Level 12.7 Invocations
 + Level 11.7 Evocations


You had 2 spell levels left.
You knew the following spells:

 Your Spells              Type           Power      Damage    Failure   Level
a - Magic Dart            Conj           100%       1d8       1%          1
b - Searing Ray           Conj           100%       2d8       1%          2
c - Iskenderun's Mystic   Conj/Tloc      60%        2d13      1%          4
d - Passwall              Tmut/Erth      47%        N/A       1%          2
e - Olgreb's Toxic Radia  Pois           57%        N/A       1%          4
f - Summon Forest         Summ/Tloc      28%        N/A       4%          5
g - Lee's Rapid Deconstr  Erth           28%        3d16*     4%          5
h - Dispersal             Tloc           28%        N/A       22%         6
i - Iron Shot             Conj/Erth      30%        9d6       14%         6
j - Fulminant Prism       Conj/Hex       30%        3d16      1%          4

Your spell library contained the following spells:

 Spells                   Type           Power      Damage    Failure   Level
 Apportation              Tloc           100%       N/A       1%          1
 Sandblast                Erth           100%       2d20      1%          1
 Sting                    Tmut/Pois      100%       1d8       1%          1
 Ensorcelled Hibernation  Hex/Ice        100%       N/A       1%          2
 Poisonous Vapours        Pois/Air       100%       N/A       1%          2
 Dazzling Flash           Conj/Hex       100%       N/A       1%          3
 Frozen Ramparts          Ice            100%       1d12      1%          3
 Gell's Gravitas          Tloc           57%        N/A       1%          3
 Ozocubu's Armour         Ice            57%        N/A       1%          3
 Stone Arrow              Conj/Erth      100%       3d13      1%          3
 Summon Guardian Golem    Hex/Summ       57%        N/A       1%          3
 Swiftness                Air            57%        N/A       1%          3
 Teleport Other           Tloc           57%        N/A       1%          3
 Tukima's Dance           Hex            57%        N/A       1%          3
 Animate Armour           Summ/Erth      100%       N/A       1%          4
 Leda's Liquefaction      Hex/Erth       28%        N/A       1%          4
 Metabolic Englaciation   Hex/Ice        28%        N/A       4%          5
 Summon Mana Viper        Hex/Summ       57%        N/A       4%          5
 Simulacrum               Ice/Necr       28%        N/A       22%         6
 Statue Form              Tmut/Erth      38%        N/A       22%         6
 Summon Cactus Giant      Summ           28%        N/A       22%         6
 Disjunction              Tloc           28%        N/A       100%        8

Inventory:

Hand Weapons
 c - the +8 rapier "Xarezxiu" (weapon) {freeze, rElec Str+4 Dex+4, short}
   (You found it on level 12 of the Dungeon)

   It freezes those it strikes, dealing additional cold damage.
   It can also slow down cold-blooded creatures.
   Str:       It affects your strength (+4).
   Dex:       It affects your dexterity (+4).
   rElec:     It insulates you from electricity.
 U - a +4 scimitar of flaming {long}
   (You took it off an efreet in a Gauntlet)
Armour
 i - a +2 robe of fire resistance
   (You took it off an orc sorcerer on level 2 of the Orcish Mines)
 j - a +1 cloak (worn)
   (You found it on level 1 of the Dungeon)
 t - a +2 pair of gloves (worn)
   (You found it on level 4 of the Dungeon)
 x - a +0 troll leather armour
   (You took it off an orc on level 6 of the Dungeon)
 B - the +3 pair of boots "Hilecvumm" {Drain rElec rC+}
   (You found it on level 10 of the Dungeon)

   rC:        It protects you from cold.
   rElec:     It insulates you from electricity.
   Drain:     It drains your maximum health when unequipped.
 C - a +0 chain mail of cold resistance
   (You took it off an orc on level 7 of the Dungeon)
 G - a +1 pair of boots (worn)
   (You found it on level 9 of the Dungeon)
 L - +0 swamp dragon scales (worn)
   (You found it on level 1 of the Swamp)
 N - a +1 helmet (worn)
   (You found it on level 14 of the Dungeon)
 X - a +2 buckler (worn)
   (You took it off a tengu conjurer on level 13 of the Dungeon)
Jewellery
 a - the ring "Nonounul" (left hand) {rN+ rCorr Int+4}
   (You acquired it on level 6 of the Dungeon)

   [ring of positive energy]

   Int:       It affects your intelligence (+4).
   rN:        It protects you from negative energy.
   rCorr:     It protects you from acid and corrosion.
 d - a +6 ring of strength
   (You found it on level 5 of the Lair of Beasts)
 o - a ring of poison resistance
   (You found it on level 1 of the Dungeon)
 p - an amulet of magic regeneration (around neck) {@e2}
   (You found it on level 14 of the Dungeon)
 s - a ring of fire
   (You found it on level 6 of the Lair of Beasts)
 y - a ring of flight (right hand)
   (You found it on level 5 of the Dungeon)
 T - a +6 ring of intelligence
   (You found it on level 6 of the Lair of Beasts)
Wands
 e - a wand of polymorph (17)
   (You took it off Grinder on level 6 of the Dungeon)
 k - a wand of flame (80)
   (You found it on level 4 of the Dungeon)
 q - a wand of iceblast (20)
   (You took it off an orc on level 4 of the Dungeon)
 v - a wand of acid (22)
   (You found it on level 6 of the Dungeon)
 w - a wand of paralysis (18)
   (You found it on level 7 of the Dungeon)
 H - a wand of charming (2)
   (You found it on level 3 of the Swamp)
 Q - a wand of digging (18)
   (You found it on level 1 of the Lair of Beasts)
 Z - a wand of mindburst (7)
   (You found it on level 4 of the Lair of Beasts)
Scrolls
 f - a scroll of enchant weapon
 g - 2 scrolls of blinking {!r}
 l - 5 scrolls of teleportation {@r4}
 E - 3 scrolls of fear
 F - 2 scrolls of magic mapping {!r}
 J - 7 scrolls of identify {@r1}
 K - 2 scrolls of immolation {!r!r}
 M - 2 scrolls of holy word
 W - 3 scrolls of fog
 Y - a scroll of amnesia
Potions
 b - 4 potions of mutation {!q}
 h - 5 potions of invisibility
 m - 2 potions of cancellation
 n - 8 potions of curing {@q1}
 r - 3 potions of brilliance
 u - 7 potions of attraction {!q}
 D - a potion of haste {@q3}
 I - 3 potions of heal wounds {@q2}
 O - a potion of berserk rage {!q}
 P - 4 potions of might
 R - a potion of resistance
 S - 2 potions of lignification {!q}
Miscellaneous
 z - a lightning rod (4/4)
   (You found it on level 14 of the Dungeon)
 A - a tin of tremorstones (2/2) {throwing}
   (You found it on level 5 of the Lair of Beasts)
 V - a phial of floods
   (You found it on level 3 of the Swamp)

Dungeon Overview and Level Annotations

Branches:
Dungeon (15/15)            Temple (1/1) D:6            Lair (6/6) D:9
  Swamp (4/4) Lair:3       Spider (0/4) Lair:3        Slime (0/5) Lair:5
    Orc (2/2) D:9             Elf (0/3) Orc:2        Vaults (0/5) D:13
 Depths (0/4) D:15        Gauntlet (visited)

Altars:
Ashenzari
Cheibriados
Dithmenos
Elyvilon
Fedhas
Gozag
Hepliaklqana
Kikubaaqudgha
Makhleb
Nemelex Xobeh
Okawaru
Qazlal
Ru
Sif Muna
Trog
Uskayaw
Vehumet
Wu Jian
Xom
Yredelemnul
Zin
The Shining One

Shops:
D:9 [[*   D:15 !   Orc:2 (:!=

Portals:
Trove: D:10 (give +7 demon blade)

Annotations:
Lair:3 2 transporters, exclusion: oklob plant, Godmorgon's ghost, journeyman MiFi
Swamp:4 Louise

♣♣≈.....≈♣≈.≈≈..♣≈≈.≈≈.≈.♣≈≈≈♣♣
♣.≈.♣♣♣..♣♣≈....♣≈≈≈..≈♣≈§.^♣♣
♣..♣♣ ♣.♣♣♣≈(.....≈≈.≈≈..≈≈≈♣
♣♣♣♣ ♣.♣ ♣♣.≈§≈.≈§≈≈≈≈.≈≈≈.♣♣
♣♣.♣ ♣♣.).≈.≈≈.≈♣....§.♣♣ ♣♣.♣♣
♣.>..≈≈.§≈♣≈≈≈≈≈.≈. ♣♣♣♣≈≈.♣
♣♣...≈§.≈..≈.≈≈.♣≈. ♣.♣♣...♣♣
♣♣≈≈R..≈≈.≈≈≈.≈≈≈≈≈≈ ♣♣..≈≈≈≈♣
♣.≈@H≈≈≈≈≈≈.≈.≈.≈≈≈.
♣♣..♣≈.♣♣♣♣....≈≈).≈.≈.≈§≈...
♣.♣♣...♣♣♣.>.♣♣♣..≈≈≈[.≈≈♣≈.
♣≈♣♣♣≈≈♣♣.[.♣♣ ♣♣.≈≈.≈≈≈≈≈≈.
♣♣≈♣♣♣♣≈♣♣..♣♣ ♣.§≈.♣.≈≈.≈.
♣≈≈.♣ ♣≈.♣..♣ ♣♣.<♣♣..≈.≈≈≈
♣♣≈♣♣ ♣♣.♣.♣♣ ♣≈§≈♣♣♣.§...≈
♣≈≈≈♣ ♣.≈≈♣ ♣♣≈≈♣♣ ♣.≈♣≈≈.
♣♣≈♣♣ ♣≈≈.♣ ♣.♣≈♣ ♣≈≈≈≈≈.


You could see the friendly glurtz the battlemage and a fenstrider witch (ally
target).


Message History

The blast of poison engulfs you but does no damage.
You resist. 😮 HP[-2] MP[-4]
You take 2 damage, and now have 83/119 hp.
You lost 4 mp, and now have 11/33 mp.
You can't go up here!
You feel sick.
The fenstrider witch completely misses you.
You block the fenstrider witch's attack.
An eight-headed hydra comes into view.
Things that are here:
a +0 quarterstaff {staff}; a +0 robe; a spriggan corpse 😮 HP[-1] MP[+1]
You take 1 damage, and now have 82/119 hp.
Casting: Iskenderun's Mystic Blast (mildly dangerous; 1% risk of failure)
Confirm with . or Enter, or press ? or * to list all spells.
You erupt in a blast of force!
The mystic blast hits the swamp dragon!
The swamp dragon is knocked back by the mystic blast.
The mystic blast hits the fenstrider witch.
The fenstrider witch is knocked back by the mystic blast.
You feel sick. 😮 MP[-3]
You lost 3 mp, and now have 9/33 mp.
You feel sick.
The swamp dragon breathes poison at you.
The blast of poison engulfs you but does no damage.
You are more poisoned.
You resist.
There is a stone staircase leading up here. 😮 HP[-1]
You take 1 damage, and now have 81/119 hp.
You feel sick.
The fenstrider witch gestures at you while chanting.
You resist with significant effort.
You fly upwards.
You feel very sick.
There is a stone staircase leading down here. 😮 HP[-4] MP[+2]
You take 4 damage, and now have 77/119 hp.
You regained 2 mp, and now have 11/33 mp.
Casting: Iskenderun's Mystic Blast (mildly dangerous; 1% risk of failure)
Confirm with . or Enter, or press ? or * to list all spells.
You erupt in a blast of force!
The mystic blast hits the fenstrider witch!
The fenstrider witch is knocked back by the mystic blast.
You feel sick. 😮 HP[-1] MP[-3]
You take 1 damage, and now have 76/119 hp.
You lost 3 mp, and now have 8/33 mp.
Casting: Iskenderun's Mystic Blast (mildly dangerous; 1% risk of failure)
Confirm with . or Enter, or press ? or * to list all spells.
You erupt in a blast of force!
The mystic blast hits the fenstrider witch.
The fenstrider witch is knocked back by the mystic blast.
You feel sick. 😮 HP[-1] MP[-4]
You take 1 damage, and now have 75/119 hp.
You lost 4 mp, and now have 4/33 mp.
Casting: Iskenderun's Mystic Blast (mildly dangerous; 1% risk of failure)
Confirm with . or Enter, or press ? or * to list all spells.
You erupt in a blast of force!
The mystic blast hits the fenstrider witch!
The fenstrider witch is knocked back by the mystic blast.
You feel sick.
The fenstrider witch gestures at you while chanting.
You resist with significant effort. 😮 MP[-3]
You lost 3 mp, and now have 1/33 mp.
You feel sick. 😮 HP[-1]
You take 1 damage, and now have 74/119 hp.
You feel sick.
There is a stone staircase leading up here. 😮 HP[-1] MP[+1]
You take 1 damage, and now have 73/119 hp.
You miss the fenstrider witch.
You feel sick.
You are no longer poisoned.
The fenstrider witch gestures at you while chanting.
You suddenly lose the ability to move!
The fenstrider witch hits you. The fenstrider witch kicks you.
The fenstrider witch casts a spell at you.
Your body is wracked with pain!
* * * LOW HITPOINT WARNING * * *
The fenstrider witch hits you but does no damage.
The fenstrider witch kicks you but does no damage.
The fenstrider witch hits you.
* * * LOW HITPOINT WARNING * * *
The fenstrider witch kicks you!
* * * LOW HITPOINT WARNING * * *
The fenstrider witch hits you!
* * * LOW HITPOINT WARNING * * *
The fenstrider witch kicks you but does no damage.
The fenstrider witch hits you.
* * * LOW HITPOINT WARNING * * *
The fenstrider witch kicks you but does no damage.
Glurtz emerges from the mists of memory!
The fenstrider witch hits you!
* * * LOW HITPOINT WARNING * * *
The fenstrider witch kicks you.
You die...

Skill      XL: |  1  2  3  4  5  6  7  8  9 10 11 12 13 14 15 16 17 |
---------------+----------------------------------------------------+-----
Spellcasting   | 5 6 7 8 9 10 11 12 | 12.7
Invocations    | 1 2 3 4 5 6 7 8 9 10 11 12 | 12.7
Fighting       | 1 2 3 4 5 6 7 8 9 10 11 | 11.7
Short Blades   | 1 2 3 4 5 6 7 8 9 10 11 | 11.7
Long Blades    | 1 2 3 4 5 6 7 8 9 10 11 | 11.7
Axes           | 1 2 3 4 5 6 7 8 9 10 11 | 11.7
Maces & Flails | 1 2 3 4 5 6 7 8 9 10 11 | 11.7
Polearms       | 1 2 3 4 5 6 7 8 9 10 11 | 11.7
Staves         | 1 2 3 4 5 6 7 8 9 10 11 | 11.7
Slings         | 1 2 3 4 5 6 7 8 9 10 11 | 11.7
Bows           | 1 2 3 4 5 6 7 8 9 10 11 | 11.7
Crossbows      | 1 2 3 4 5 6 7 8 9 10 11 | 11.7
Throwing       | 1 2 3 4 5 6 7 8 9 10 11 | 11.7
Armour         | 1 2 3 4 5 6 7 8 9 10 11 | 11.7
Shields        | 1 2 3 4 5 6 7 8 9 10 11 | 11.7
Unarmed Combat | 1 2 3 4 5 6 7 8 9 10 11 | 11.7
Evocations     | 1 2 3 4 5 6 7 8 9 10 11 | 11.7
Hexes          | 1 2 3 4 5 6 7 8 9 |  9.9
Summonings     | 1 2 3 4 5 6 7 8 9 |  9.9
Necromancy     | 1 2 3 4 5 6 7 8 9 |  9.9
Translocations | 1 2 3 4 5 6 7 8 9 |  9.9
Transmutations | 1 2 3 4 5 6 7 8 9 |  9.9
Fire Magic     | 1 2 3 4 5 6 7 8 9 |  9.9
Ice Magic      | 1 2 3 4 5 6 7 8 9 |  9.9
Air Magic      | 1 2 3 4 5 6 7 8 9 |  9.9
Earth Magic    | 1 2 3 4 5 6 7 8 9 |  9.9
Poison Magic   | 1 2 3 4 5 6 7 8 9 |  9.9
Dodging        | 5 6 7 8 9 10 11 12 | 12.5
Stealth        | 5 6 7 8 9 10 11 12 | 12.4
Conjurations   | 8 9 10 11 12 | 12.1

Action                   |  1- 3 |  4- 6 |  7- 9 | 10-12 | 13-15 | 16-18 || total
-------------------------+-------+-------+-------+-------+-------+-------++-------
Melee: Short sword       |     2 |     1 |       |       |       |       ||     3
       Bite              |       |     1 |     1 |     1 |     7 |     7 ||    17
       Rapier            |       |       |    18 |    20 |    37 |    22 ||    97
       Punch             |       |       |     1 |       |     3 |       ||     4
 Cast: Magic Dart        |    63 |    45 |   113 |   197 |   247 |    82 ||   747
       Searing Ray       |     7 |    23 |    81 |   154 |   148 |    86 ||   499
       Iskenderun's Myst |       |       |       |    55 |   151 |   118 ||   324
       Olgreb's Toxic Ra |       |       |       |       |    75 |    63 ||   138
       Lee's Rapid Decon |       |       |       |       |    15 |    10 ||    25
       Iron Shot         |       |       |       |       |     8 |    28 ||    36
       Summon Forest     |       |       |       |       |     1 |     1 ||     2
       Fulminant Prism   |       |       |       |       |       |     9 ||     9
       Passwall          |       |       |       |       |       |     2 ||     2
Invok: Recall Ancestor   |       |       |       |     2 |     8 |     1 ||    11
       Ancestor Life: Ba |       |       |       |     1 |       |       ||     1
       Ancestor Identity |       |       |       |     1 |       |       ||     1
Evoke: Wand              |       |       |     5 |       |       |     1 ||     6
       Lightning rod     |       |       |       |       |       |     4 ||     4
       Tin of tremorston |       |       |       |       |       |     1 ||     1
  Use: Scroll            |       |     6 |     7 |    10 |    13 |     4 ||    40
       Potion            |       |       |       |     1 |     4 |     3 ||     8
 Stab: Sleeping          |       |       |     9 |    10 |    22 |     6 ||    47
Armor: Robe              |       |     5 |    15 |       |       |       ||    20
       Troll leather arm |       |       |    11 |    64 |    47 |    17 ||   139
       Skin              |       |       |     2 |       |       |       ||     2
       Swamp dragon scal |       |       |       |       |       |    65 ||    65
Dodge: Dodged            |     9 |    11 |    67 |    78 |   128 |    77 ||   370
Block: Other             |       |       |     8 |    26 |    41 |       ||    75
       Buckler           |       |       |       |       |    30 |    66 ||    96
       Reflection        |       |       |       |       |    13 |       ||    13

Levels and vault maps discovered:
D:1:      beargit_arrival_greenhouse, layout_loops_ring,
          shapermc_ecumenical_altar_petra, minmay_hexomino_r4
D:2:      layout_loops_corners, uniq_terence, uniq_sigmund
D:3:      layout_basic, minmay_misc_feat_room, serial_bayou_pond_a,
          roderic_st_hans_cross
D:4:      layout_loops_ring, kennysheep_generic_room_15, uniq_eustachio
D:5:      minmay_recursive_quarters, layout_gridville,
          amethyst_overflow_temple_binary
D:6:      layout_loops_ring, minmay_temple_entry_waves, kennysheep_potato,
          uniq_grinder, uniq_edmund
D:7:      lemuel_castle_with_subvaults [lemuel_castle_interior_original],
          layout_basic, general_overflow_altar, kennysheep_generic_room_7
D:8:      layout_cave_pools, mainiacjoe_overflow_cross_hatched, disabler_island
D:9:      layout_basic, lair_entry_dummy, orc_0_dummy, serial_shops,
          nicolae_shop_statue_plus, nicolae_shop_trees, shop
D:10:     layout_basic, serial_aquarium, aquarium_bridge_square
          [aquarium_subvault_bridge, aquarium_subvault_bridge,
          aquarium_subvault_wall, aquarium_subvault_wall],
          aquarium_window_double, aquarium_window_fake, aquarium_window_fake,
          aquarium_view_2e, aquarium_view_2a, nicolae_trove_entry_free_sample,
          nicolae_zen_rock_garden, skrybe_limestone_x
D:11:     layout_cross
D:12:     layout_basic, gauntlet_entry_generic, serial_rivers,
          chequers_serial_rivers_micro_d, chequers_serial_rivers_small_b,
          chequers_serial_rivers_micro_d, chequers_serial_rivers_small_3,
          chequers_serial_rivers_micro_e, chequers_serial_rivers_small_3
D:13:     layout_rooms, grunt_vaults_entry_fortified
D:14:     layout_basic, minmay_tree_intersection, zin_purify
D:15:     gammafunk_enter_depths_forms, layout_basic, serial_shops, shop_statue,
          minmay_hedge_maze, minivault_5, minmay_crystal_room, minivault_28,
          uniq_roxanne, uniq_nessos
Temple:   dpeg_five_rooms_temple
Lair:1:   layout_gridlike
Lair:2:   layout_gridlike
Lair:3:   layout_gridlike, palyth_hydra_swamp_entry, spider_nest_entry_a,
          nzn_ghost_randoct, nicolae_lair_lakeside_cave
Lair:4:   layout_small_grid, minivault_27, st_stairs_12, grunt_megastairs_3
Lair:5:   minmay_lair_venomous_thicket, layout_big_grid,
          nicolae_slime_entry_slimehenge
Lair:6:   guppyfry_lair_end_dragon, layout_misc_corridors, wormcave
Swamp:1:  layout_basic_swamp, evilmike_swamp_ruin_rubble_2, swamp_pool1
Swamp:2:  layout_basic_swamp, nicolae_swamp_decorative_isthmus, swamp_pool1,
          infiniplex_staircase_pool, uniq_aizul
Swamp:3:  layout_falls_marsh, evilmike_swamp_ruin_house_1
Swamp:4:  swamp_alternative, layout_basic_swamp, swamp_pool2,
          infiniplex_staircase_pool_2, uniq_louise, uniq_kirke
Orc:1:    layout_diamond_mine, uniq_urug
Orc:2:    st_orc_pillars, layout_caves

Notes
Turn   | Place    | Note
-------+----------+-------------------------------------------
     0 | D:1      | mortz the Gnoll Conjurer began the quest for the Orb.
     0 | D:1      | Reached XP level 1. HP: 13/13 MP: 6/6
     0 | D:1      | magus.rc [v1.9.6]
    88 | D:1      | Reached XP level 2. HP: 19/19 MP: 4/7
   213 | D:1      | Found a faded altar of an unknown god.
   403 | D:1      | Learned a level 2 spell: Searing Ray
   494 | D:1      | Reached XP level 3. HP: 25/25 MP: 5/9
   498 | D:1      | Reached skill level 5 in Spellcasting
   746 | D:1      | Found a glowing golden altar of the Shining One.
   905 | D:1      | Reached skill level 1 in Invocations
  1346 | D:2      | Noticed Terence
  1598 | D:2      | Reached skill level 1 in Fighting
  1598 | D:2      | Reached skill level 1 in Short Blades
  1598 | D:2      | Reached skill level 1 in Long Blades
  1598 | D:2      | Reached skill level 1 in Axes
  1598 | D:2      | Reached skill level 1 in Maces & Flails
  1598 | D:2      | Reached skill level 1 in Polearms
  1598 | D:2      | Reached skill level 1 in Staves
  1598 | D:2      | Reached skill level 1 in Slings
  1598 | D:2      | Reached skill level 1 in Bows
  1598 | D:2      | Reached skill level 1 in Crossbows
  1598 | D:2      | Reached skill level 1 in Throwing
  1598 | D:2      | Reached skill level 1 in Armour
  1598 | D:2      | Reached skill level 1 in Shields
  1598 | D:2      | Reached skill level 1 in Unarmed Combat
  1598 | D:2      | Reached skill level 1 in Evocations
  1598 | D:2      | Reached XP level 4. HP: 32/32 MP: 6/11
  1793 | D:2      | Noticed Sigmund
  1900 | D:2      | Killed Sigmund
  1901 | D:2      | Reached skill level 1 in Hexes
  1901 | D:2      | Reached skill level 1 in Summonings
  1901 | D:2      | Reached skill level 1 in Necromancy
  1901 | D:2      | Reached skill level 1 in Translocations
  1901 | D:2      | Reached skill level 1 in Transmutations
  1901 | D:2      | Reached skill level 1 in Fire Magic
  1901 | D:2      | Reached skill level 1 in Ice Magic
  1901 | D:2      | Reached skill level 1 in Air Magic
  1901 | D:2      | Reached skill level 1 in Earth Magic
  1901 | D:2      | Reached skill level 1 in Poison Magic
  1901 | D:2      | Reached XP level 5. HP: 26/38 MP: 3/12
  2098 | D:2      | Killed Terence
  2099 | D:2      | Reached skill level 2 in Invocations
  2099 | D:2      | Reached XP level 6. HP: 35/44 MP: 5/13
  2306 | D:2      | You pick up a book of Burglary and begin reading...
  2306 | D:2      | You add the spells Passwall, Ensorcelled Hibernation and
                  | Swiftness to your library.
  2310 | D:2      | Learned a level 2 spell: Passwall
  2315 | D:2      | Learned a level 4 spell: Iskenderun's Mystic Blast
  3025 | D:2      | Reached skill level 5 in Dodging
  3130 | D:3      | Reached skill level 2 in Fighting
  3130 | D:3      | Reached skill level 2 in Short Blades
  3130 | D:3      | Reached skill level 2 in Long Blades
  3130 | D:3      | Reached skill level 2 in Axes
  3130 | D:3      | Reached skill level 2 in Maces & Flails
  3130 | D:3      | Reached skill level 2 in Polearms
  3130 | D:3      | Reached skill level 2 in Staves
  3130 | D:3      | Reached skill level 2 in Slings
  3130 | D:3      | Reached skill level 2 in Bows
  3130 | D:3      | Reached skill level 2 in Crossbows
  3130 | D:3      | Reached skill level 2 in Throwing
  3130 | D:3      | Reached skill level 2 in Armour
  3130 | D:3      | Reached skill level 2 in Shields
  3130 | D:3      | Reached skill level 2 in Unarmed Combat
  3130 | D:3      | Reached skill level 2 in Evocations
  3598 | D:4      | Noticed Eustachio
  3768 | D:4      | Killed Eustachio
  3769 | D:4      | Reached XP level 7. HP: 42/50 MP: 3/15
  4238 | D:4      | Reached skill level 2 in Hexes
  4238 | D:4      | Reached skill level 2 in Summonings
  4238 | D:4      | Reached skill level 2 in Necromancy
  4238 | D:4      | Reached skill level 2 in Translocations
  4238 | D:4      | Reached skill level 2 in Transmutations
  4238 | D:4      | Reached skill level 2 in Fire Magic
  4238 | D:4      | Reached skill level 2 in Ice Magic
  4238 | D:4      | Reached skill level 2 in Air Magic
  4238 | D:4      | Reached skill level 2 in Earth Magic
  4238 | D:4      | Reached skill level 2 in Poison Magic
  4627 | D:4      | Reached skill level 5 in Stealth
  4759 | D:4      | Reached skill level 3 in Invocations
  5138 | D:4      | Reached XP level 8. HP: 55/57 MP: 11/16
  5430 | D:4      | Reached skill level 3 in Fighting
  5430 | D:4      | Reached skill level 3 in Short Blades
  5430 | D:4      | Reached skill level 3 in Long Blades
  5430 | D:4      | Reached skill level 3 in Axes
  5430 | D:4      | Reached skill level 3 in Maces & Flails
  5430 | D:4      | Reached skill level 3 in Polearms
  5430 | D:4      | Reached skill level 3 in Staves
  5430 | D:4      | Reached skill level 3 in Slings
  5430 | D:4      | Reached skill level 3 in Bows
  5430 | D:4      | Reached skill level 3 in Crossbows
  5430 | D:4      | Reached skill level 3 in Throwing
  5430 | D:4      | Reached skill level 3 in Armour
  5430 | D:4      | Reached skill level 3 in Shields
  5430 | D:4      | Reached skill level 3 in Unarmed Combat
  5430 | D:4      | Reached skill level 3 in Evocations
  5553 | D:5      | Entered Level 5 of the Dungeon
  5713 | D:5      | magus.rc [v1.9.6]
  5832 | D:5      | Reached skill level 6 in Spellcasting
  6528 | D:5      | Found a burning altar of Makhleb.
  6528 | D:5      | Found a bloodstained altar of Trog.
  6708 | D:5      | magus.rc [v1.9.6]
  6809 | D:5      | Noticed a troll
  6818 | D:5      | Killed a troll
  6819 | D:5      | Reached skill level 6 in Dodging
  6819 | D:5      | Reached skill level 3 in Hexes
  6819 | D:5      | Reached skill level 3 in Summonings
  6819 | D:5      | Reached skill level 3 in Necromancy
  6819 | D:5      | Reached skill level 3 in Translocations
  6819 | D:5      | Reached skill level 3 in Transmutations
  6819 | D:5      | Reached skill level 3 in Fire Magic
  6819 | D:5      | Reached skill level 3 in Ice Magic
  6819 | D:5      | Reached skill level 3 in Air Magic
  6819 | D:5      | Reached skill level 3 in Earth Magic
  6819 | D:5      | Reached skill level 3 in Poison Magic
  6819 | D:5      | Reached skill level 4 in Invocations
  6819 | D:5      | Reached XP level 9. HP: 42/65 MP: 13/18
  7056 | D:6      | Noticed Grinder
  7264 | D:6      | Reached skill level 4 in Fighting
  7264 | D:6      | Reached skill level 4 in Short Blades
  7264 | D:6      | Reached skill level 4 in Long Blades
  7264 | D:6      | Reached skill level 4 in Axes
  7264 | D:6      | Reached skill level 4 in Maces & Flails
  7264 | D:6      | Reached skill level 4 in Polearms
  7264 | D:6      | Reached skill level 4 in Staves
  7264 | D:6      | Reached skill level 4 in Slings
  7264 | D:6      | Reached skill level 4 in Bows
  7264 | D:6      | Reached skill level 4 in Crossbows
  7264 | D:6      | Reached skill level 4 in Throwing
  7264 | D:6      | Reached skill level 4 in Armour
  7264 | D:6      | Reached skill level 4 in Shields
  7264 | D:6      | Reached skill level 4 in Unarmed Combat
  7264 | D:6      | Reached skill level 4 in Evocations
  7479 | D:6      | Found a staircase to the Ecumenical Temple.
  7488 | Temple   | Entered the Ecumenical Temple
  7677 | Temple   | Became a worshipper of Hepliaklqana the Forgotten
  7825 | D:6      | Reached skill level 6 in Stealth
  7825 | D:6      | Reached skill level 8 in Conjurations
  7895 | D:6      | Killed Grinder
  8332 | D:6      | Noticed Edmund
  8342 | D:6      | Killed Edmund
  8616 | D:6      | Identified a scroll of acquirement
  8616 | D:6      | Acquired the ring "Nonounul" {rN+ rCorr Int+4}
  8766 | D:7      | Reached skill level 5 in Invocations
  9136 | D:7      | Reached skill level 7 in Spellcasting
  9190 | D:7      | Reached skill level 4 in Hexes
  9190 | D:7      | Reached skill level 4 in Summonings
  9190 | D:7      | Reached skill level 4 in Necromancy
  9190 | D:7      | Reached skill level 4 in Translocations
  9190 | D:7      | Reached skill level 4 in Transmutations
  9190 | D:7      | Reached skill level 4 in Fire Magic
  9190 | D:7      | Reached skill level 4 in Ice Magic
  9190 | D:7      | Reached skill level 4 in Air Magic
  9190 | D:7      | Reached skill level 4 in Earth Magic
  9190 | D:7      | Reached skill level 4 in Poison Magic
  9190 | D:7      | Reached XP level 10. HP: 60/73 MP: 7/20
  9428 | D:7      | Reached skill level 5 in Fighting
  9428 | D:7      | Reached skill level 5 in Short Blades
  9428 | D:7      | Reached skill level 5 in Long Blades
  9428 | D:7      | Reached skill level 5 in Axes
  9428 | D:7      | Reached skill level 5 in Maces & Flails
  9428 | D:7      | Reached skill level 5 in Polearms
  9428 | D:7      | Reached skill level 5 in Staves
  9428 | D:7      | Reached skill level 5 in Slings
  9428 | D:7      | Reached skill level 5 in Bows
  9428 | D:7      | Reached skill level 5 in Crossbows
  9428 | D:7      | Reached skill level 5 in Throwing
  9428 | D:7      | Reached skill level 5 in Armour
  9428 | D:7      | Reached skill level 5 in Shields
  9428 | D:7      | Reached skill level 5 in Unarmed Combat
  9428 | D:7      | Reached skill level 5 in Evocations
  9734 | D:7      | Noticed a cyclops
  9744 | D:7      | Killed a cyclops
  9745 | D:7      | Reached skill level 7 in Dodging
 10285 | D:7      | You pick up a book of Winter and begin reading...
 10285 | D:7      | You add the spells Ozocubu's Armour, Metabolic Englaciation
                  | and Simulacrum to your library.
 10600 | D:7      | Reached skill level 6 in Invocations
 10721 | D:7      | Reached skill level 7 in Stealth
 11244 | D:7      | You pick up a book of Burglary and begin reading...
 11443 | D:7      | Found a snail-covered altar of Cheibriados.
 12383 | D:7      | Found a snail-covered altar of Cheibriados.
 12547 | D:8      | Reached XP level 11. HP: 81/81 MP: 13/22
 13035 | D:8      | Reached * piety under Hepliaklqana
 13104 | D:8      | Found a stormy altar of Qazlal.
 13168 | D:8      | Reached skill level 6 in Fighting
 13168 | D:8      | Reached skill level 6 in Short Blades
 13168 | D:8      | Reached skill level 6 in Long Blades
 13168 | D:8      | Reached skill level 6 in Axes
 13168 | D:8      | Reached skill level 6 in Maces & Flails
 13168 | D:8      | Reached skill level 6 in Polearms
 13168 | D:8      | Reached skill level 6 in Staves
 13168 | D:8      | Reached skill level 6 in Slings
 13168 | D:8      | Reached skill level 6 in Bows
 13168 | D:8      | Reached skill level 6 in Crossbows
 13168 | D:8      | Reached skill level 6 in Throwing
 13168 | D:8      | Reached skill level 6 in Armour
 13168 | D:8      | Reached skill level 6 in Shields
 13168 | D:8      | Reached skill level 6 in Unarmed Combat
 13168 | D:8      | Reached skill level 6 in Evocations
 13176 | D:8      | Reached skill level 5 in Hexes
 13176 | D:8      | Reached skill level 5 in Summonings
 13176 | D:8      | Reached skill level 5 in Necromancy
 13176 | D:8      | Reached skill level 5 in Translocations
 13176 | D:8      | Reached skill level 5 in Transmutations
 13176 | D:8      | Reached skill level 5 in Fire Magic
 13176 | D:8      | Reached skill level 5 in Ice Magic
 13176 | D:8      | Reached skill level 5 in Air Magic
 13176 | D:8      | Reached skill level 5 in Earth Magic
 13176 | D:8      | Reached skill level 5 in Poison Magic
 13667 | D:9      | Found Pukof's General Store.
 13670 | D:9      | Found Anuhojug's Armour Emporium.
 13689 | D:9      | Reached skill level 8 in Spellcasting
 14323 | D:9      | Found Qivigokyna's Armour Boutique.
 14540 | D:9      | Found a staircase to the Lair.
 14641 | D:9      | Found a staircase to the Orcish Mines.
 14750 | D:10     | Entered Level 10 of the Dungeon
 14913 | D:9      | Bought a scroll of identify for 32 gold pieces
 14982 | D:10     | Identified the +3 pair of boots "Hilecvumm" {Drain rElec
                  | rC+}
 15003 | D:10     | Noticed a soul eater
 15004 | D:10     | Noticed a soul eater
 15252 | D:9      | Reached skill level 9 in Conjurations
 15252 | D:9      | Reached skill level 7 in Invocations
 15520 | D:9      | Reached skill level 8 in Dodging
 15644 | D:10     | Identified the +4 hand crossbow of Wael {freeze, rC+
                  | Stlth+}
 15734 | D:10     | Found a portal to a secret trove of treasure.
 15750 | D:10     | This trove needs a +7 demon blade to function. Give it the
                  | item?
 15839 | D:10     | magus.rc [v1.9.6]
 16297 | D:10     | Reached ** piety under Hepliaklqana
 16298 | D:10     | Remembered your ancestor glurtz as a battlemage
 16614 | D:10     | Reached skill level 8 in Stealth
 16740 | D:10     | Noticed a sea snake
 16907 | Lair:1   | Entered Level 1 of the Lair of Beasts
 17269 | Lair:1   | Reached XP level 12. HP: 80/80 MP: 20/24
 17306 | Lair:1   | You are sucked into a shaft and drop 1 floor!
 17985 | Lair:2   | Reached skill level 7 in Fighting
 17985 | Lair:2   | Reached skill level 7 in Short Blades
 17985 | Lair:2   | Reached skill level 7 in Long Blades
 17985 | Lair:2   | Reached skill level 7 in Axes
 17985 | Lair:2   | Reached skill level 7 in Maces & Flails
 17985 | Lair:2   | Reached skill level 7 in Polearms
 17985 | Lair:2   | Reached skill level 7 in Staves
 17985 | Lair:2   | Reached skill level 7 in Slings
 17985 | Lair:2   | Reached skill level 7 in Bows
 17985 | Lair:2   | Reached skill level 7 in Crossbows
 17985 | Lair:2   | Reached skill level 7 in Throwing
 17985 | Lair:2   | Reached skill level 7 in Armour
 17985 | Lair:2   | Reached skill level 7 in Shields
 17985 | Lair:2   | Reached skill level 7 in Unarmed Combat
 17985 | Lair:2   | Reached skill level 7 in Evocations
 18103 | Lair:2   | Reached *** piety under Hepliaklqana
 18238 | Lair:2   | Noticed a catoblepas
 18256 | Lair:2   | Killed a catoblepas
 18654 | Lair:3   | You pick up a book of the Wilderness and begin reading...
 18654 | Lair:3   | You add the spells Summon Forest, Summon Mana Viper and
                  | Summon Cactus Giant to your library.
 18695 | Lair:3   | Reached skill level 6 in Hexes
 18695 | Lair:3   | Reached skill level 6 in Summonings
 18695 | Lair:3   | Reached skill level 6 in Necromancy
 18695 | Lair:3   | Reached skill level 6 in Translocations
 18695 | Lair:3   | Reached skill level 6 in Transmutations
 18695 | Lair:3   | Reached skill level 6 in Fire Magic
 18695 | Lair:3   | Reached skill level 6 in Ice Magic
 18695 | Lair:3   | Reached skill level 6 in Air Magic
 18695 | Lair:3   | Reached skill level 6 in Earth Magic
 18695 | Lair:3   | Reached skill level 6 in Poison Magic
 18751 | Lair:3   | Reached skill level 8 in Invocations
 18782 | Lair:3   | Reached skill level 9 in Spellcasting
 19051 | Lair:3   | Found a transporter.
 19122 | Lair:3   | Noticed Godmorgon's ghost (journeyman MiFi)
 19270 | Lair:3   | Found a transporter.
 19469 | Lair:3   | Found a hole to the Spider Nest.
 19742 | Lair:3   | Reached skill level 9 in Dodging
 19842 | Lair:3   | Noticed a six-headed hydra
 19842 | Lair:3   | Noticed a six-headed hydra
 19849 | Lair:3   | Killed a six-headed hydra
 19856 | Lair:3   | Killed a six-headed hydra
 20011 | Lair:3   | Found a staircase to the Swamp.
 20307 | Lair:3   | Reached **** piety under Hepliaklqana
 20307 | Lair:3   | Noticed an anaconda
 20307 | Lair:3   | Noticed a five-headed hydra
 20315 | Lair:3   | Killed an anaconda
 20316 | Lair:3   | Reached XP level 13. HP: 88/88 MP: 9/26
 20455 | Lair:3   | Reached skill level 9 in Stealth
 20489 | Lair:3   | You add the spells Sting, Poisonous Vapours and Olgreb's
                  | Toxic Radiance to your library.
 20495 | Lair:3   | Learned a level 4 spell: Olgreb's Toxic Radiance
 20582 | Lair:3   | Reached skill level 8 in Fighting
 20582 | Lair:3   | Reached skill level 8 in Short Blades
 20582 | Lair:3   | Reached skill level 8 in Long Blades
 20582 | Lair:3   | Reached skill level 8 in Axes
 20582 | Lair:3   | Reached skill level 8 in Maces & Flails
 20582 | Lair:3   | Reached skill level 8 in Polearms
 20582 | Lair:3   | Reached skill level 8 in Staves
 20582 | Lair:3   | Reached skill level 8 in Slings
 20582 | Lair:3   | Reached skill level 8 in Bows
 20582 | Lair:3   | Reached skill level 8 in Crossbows
 20582 | Lair:3   | Reached skill level 8 in Throwing
 20582 | Lair:3   | Reached skill level 8 in Armour
 20582 | Lair:3   | Reached skill level 8 in Shields
 20582 | Lair:3   | Reached skill level 8 in Unarmed Combat
 20582 | Lair:3   | Reached skill level 8 in Evocations
 20911 | Lair:3   | Found a hole to the Spider Nest.
 20949 | Lair:3   | Found a transporter.
 21262 | Lair:3   | Found a transporter.
 21419 | Lair:3   | Found a staircase to the Swamp.
 21812 | Lair:4   | Reached skill level 9 in Invocations
 22127 | Lair:4   | Reached skill level 10 in Conjurations
 22640 | Lair:4   | magus.rc [v1.9.6]
 22878 | Lair:5   | Reached skill level 7 in Hexes
 22878 | Lair:5   | Reached skill level 7 in Summonings
 22878 | Lair:5   | Reached skill level 7 in Necromancy
 22878 | Lair:5   | Reached skill level 7 in Translocations
 22878 | Lair:5   | Reached skill level 7 in Transmutations
 22878 | Lair:5   | Reached skill level 7 in Fire Magic
 22878 | Lair:5   | Reached skill level 7 in Ice Magic
 22878 | Lair:5   | Reached skill level 7 in Air Magic
 22878 | Lair:5   | Reached skill level 7 in Earth Magic
 22878 | Lair:5   | Reached skill level 7 in Poison Magic
 22894 | Lair:5   | Reached ***** piety under Hepliaklqana
 23058 | Lair:5   | Found a staircase to the Slime Pits.
 23225 | Lair:5   | HP: 21/89 [death yak (18)]
 23226 | Lair:5   | HP: 9/89 [death yak (13)]
 23768 | Lair:5   | Identified the +1 leather armour "Qogox" {rPois Str-4
                  | Dex+2}
 24058 | Lair:5   | Reached skill level 10 in Spellcasting
 24399 | Lair:5   | Found a staircase to the Slime Pits.
 24783 | Lair:6   | Entered Level 6 of the Lair of Beasts
 25435 | Lair:6   | Reached skill level 10 in Dodging
 25435 | Lair:6   | Reached XP level 14. HP: 66/95 MP: 15/28
 25438 | Lair:6   | HP: 23/95 [death yak (17)]
 25444 | Lair:5   | HP: 23/95 [death yak (17)]
 25643 | Lair:5   | Reached skill level 9 in Fighting
 25643 | Lair:5   | Reached skill level 9 in Short Blades
 25643 | Lair:5   | Reached skill level 9 in Long Blades
 25643 | Lair:5   | Reached skill level 9 in Axes
 25643 | Lair:5   | Reached skill level 9 in Maces & Flails
 25643 | Lair:5   | Reached skill level 9 in Polearms
 25643 | Lair:5   | Reached skill level 9 in Staves
 25643 | Lair:5   | Reached skill level 9 in Slings
 25643 | Lair:5   | Reached skill level 9 in Bows
 25643 | Lair:5   | Reached skill level 9 in Crossbows
 25643 | Lair:5   | Reached skill level 9 in Throwing
 25643 | Lair:5   | Reached skill level 9 in Armour
 25643 | Lair:5   | Reached skill level 9 in Shields
 25643 | Lair:5   | Reached skill level 9 in Unarmed Combat
 25643 | Lair:5   | Reached skill level 9 in Evocations
 25780 | Lair:6   | Reached skill level 10 in Stealth
 26241 | Lair:6   | You pick up a book of Geomancy and begin reading...
 26241 | Lair:6   | You add the spells Sandblast and Stone Arrow to your
                  | library.
 26248 | Lair:6   | Learned a level 5 spell: Summon Forest
 26266 | Lair:6   | Reached skill level 10 in Invocations
 27336 | Lair:6   | You add the spells Summon Guardian Golem, Tukima's Dance
                  | and Frozen Ramparts to your library.
 27336 | Lair:6   | Got A Primer on Magic
 27392 | Lair:6   | HP: 21/97 [poisoned by a swamp dragon (poison gas)]
 27569 | Lair:6   | HP: 24/97 [poisoned by a swamp dragon (poison gas)]
 27574 | Lair:6   | HP: 20/97 [poisoned by a swamp dragon (poison gas)]
 27780 | Lair:6   | Found a runed translucent door.
 27828 | Lair:6   | magus.rc [v1.9.6]
 28148 | Lair:6   | Reached skill level 8 in Hexes
 28148 | Lair:6   | Reached skill level 8 in Summonings
 28148 | Lair:6   | Reached skill level 8 in Necromancy
 28148 | Lair:6   | Reached skill level 8 in Translocations
 28148 | Lair:6   | Reached skill level 8 in Transmutations
 28148 | Lair:6   | Reached skill level 8 in Fire Magic
 28148 | Lair:6   | Reached skill level 8 in Ice Magic
 28148 | Lair:6   | Reached skill level 8 in Air Magic
 28148 | Lair:6   | Reached skill level 8 in Earth Magic
 28148 | Lair:6   | Reached skill level 8 in Poison Magic
 28774 | D:11     | Identified the +4 flail of Extremism {elec, rElec rPois
                  | Stlth-}
 29423 | D:12     | Found a gate leading to a gauntlet.
 29427 | D:12     | You pick up a book of the Earth and begin reading...
 29427 | D:12     | You add the spells Leda's Liquefaction, Lee's Rapid
                  | Deconstruction and Statue Form to your library.
 29433 | Gauntlet | Entered a Gauntlet
 29433 | Gauntlet | Found a transporter.
 29440 | Gauntlet | Learned a level 5 spell: Lee's Rapid Deconstruction
 29448 | Gauntlet | Found a transporter.
 29469 | Gauntlet | Found a transporter.
 29473 | Gauntlet | Found a transporter.
 29490 | Gauntlet | Found a transporter.
 29503 | Gauntlet | Found a transporter.
 29513 | Gauntlet | Noticed a quicksilver ooze
 29517 | Gauntlet | Found a transporter.
 29546 | Gauntlet | Found a transporter.
 29546 | Gauntlet | Found a transporter.
 29547 | Gauntlet | Found a runed translucent door.
 29551 | Gauntlet | Found a transporter.
 29561 | Gauntlet | Found a runed translucent door.
 29574 | Gauntlet | Found a transporter.
 29578 | Gauntlet | Found a transporter.
 29612 | Gauntlet | Found the amulet of Vitality {Regen+ HP+15}
 29694 | Gauntlet | magus.rc [v1.9.6]
 29938 | Gauntlet | Killed a quicksilver ooze
 29939 | Gauntlet | Reached XP level 15. HP: 103/103 MP: 16/29
 29945 | Gauntlet | Identified the +2 hat "Neter" {rF- rN+ Int+3}
 30002 | Gauntlet | HP: 24/103 [minotaur/stone (33)]
 30005 | Gauntlet | Reached skill level 11 in Spellcasting
 31031 | D:12     | Identified the +8 rapier "Xarezxiu" {freeze, rElec Str+4
                  | Dex+4}
 31402 | Orc:1    | Entered Level 1 of the Orcish Mines
 31475 | Orc:2    | Entered Level 2 of the Orcish Mines
 31484 | Orc:2    | Found a staircase to the Elven Halls.
 31920 | Orc:2    | Reached skill level 11 in Dodging
 31920 | Orc:2    | Reached skill level 11 in Conjurations
 32115 | Orc:2    | Reached skill level 10 in Fighting
 32115 | Orc:2    | Reached skill level 10 in Short Blades
 32115 | Orc:2    | Reached skill level 10 in Long Blades
 32115 | Orc:2    | Reached skill level 10 in Axes
 32115 | Orc:2    | Reached skill level 10 in Maces & Flails
 32115 | Orc:2    | Reached skill level 10 in Polearms
 32115 | Orc:2    | Reached skill level 10 in Staves
 32115 | Orc:2    | Reached skill level 10 in Slings
 32115 | Orc:2    | Reached skill level 10 in Bows
 32115 | Orc:2    | Reached skill level 10 in Crossbows
 32115 | Orc:2    | Reached skill level 10 in Throwing
 32115 | Orc:2    | Reached skill level 10 in Armour
 32115 | Orc:2    | Reached skill level 10 in Shields
 32115 | Orc:2    | Reached skill level 10 in Unarmed Combat
 32115 | Orc:2    | Reached skill level 10 in Evocations
 32180 | Orc:2    | HP: 24/103 [orc priest/divine providence (14)]
 33136 | Orc:2    | Reached skill level 11 in Invocations
 33378 | Orc:2    | Reached skill level 11 in Stealth
 34117 | Orc:2    | Found Fauckasa's Distillery.
 34117 | Orc:2    | Found Lith's Jewellery Boutique.
 34118 | Orc:2    | Found Luistro's Antique Weapon Boutique.
 34118 | Orc:2    | Found Qida's Book Shop.
 34126 | Orc:2    | Bought a masterwork short sword for 192 gold pieces
 34126 | Orc:2    | Identified the +3 short sword "Xixo Hopro" {vorpal, rCorr
                  | Dex+3} (You bought it in a shop on level 2 of the Orcish
                  | Mines)
 34132 | Orc:2    | Bought a book of the Warp for 512 gold pieces
 34132 | Orc:2    | You pick up a book of the Warp and begin reading...
 34132 | Orc:2    | You add the spells Dispersal and Disjunction to your
                  | library.
 34132 | Orc:2    | Bought the Guide on the Warped Rocks for 544 gold pieces
 34132 | Orc:2    | You add the spells Apportation, Gell's Gravitas, Teleport
                  | Other and Iron Shot to your library.
 34139 | Orc:2    | Learned a level 6 spell: Dispersal
 34146 | Orc:2    | Learned a level 6 spell: Iron Shot
 34426 | Orc:1    | Noticed Urug
 34432 | Orc:1    | Killed Urug
 34844 | D:9      | magus.rc [v1.9.6]
 36752 | D:13     | Found a gate to the Vaults.
 36821 | D:13     | magus.rc [v1.9.6]
 37045 | D:14     | Found Zin's Purification Station.
 37047 | D:14     | Reached XP level 16. HP: 106/110 MP: 31/31
 37061 | D:14     | Found a glowing silver altar of Zin.
 37064 | D:14     | Bought a potion of curing for 90 gold pieces
 37087 | D:14     | You fall into a shaft and drop 1 floor!
 37087 | D:15     | Entered Level 15 of the Dungeon
 37087 | D:15     | Noticed Nessos
 37115 | D:15     | HP: 16/110 [centaur warrior/arrow (20)]
 37120 | D:15     | HP: 16/110 [centaur warrior/arrow (22)]
 37122 | D:15     | Found Dosk's Distillery.
 37132 | D:15     | HP: 21/110 [centaur/arrow[a centaur warrior] (5)]
 37236 | D:15     | Bought a potion of heal wounds for 85 gold pieces
 37236 | D:15     | Bought a potion of heal wounds for 85 gold pieces
 37236 | D:15     | Bought a potion of heal wounds for 85 gold pieces
 37436 | D:14     | Reached skill level 9 in Hexes
 37436 | D:14     | Reached skill level 9 in Summonings
 37436 | D:14     | Reached skill level 9 in Necromancy
 37436 | D:14     | Reached skill level 9 in Translocations
 37436 | D:14     | Reached skill level 9 in Transmutations
 37436 | D:14     | Reached skill level 9 in Fire Magic
 37436 | D:14     | Reached skill level 9 in Ice Magic
 37436 | D:14     | Reached skill level 9 in Air Magic
 37436 | D:14     | Reached skill level 9 in Earth Magic
 37436 | D:14     | Reached skill level 9 in Poison Magic
 37484 | D:14     | Reached ****** piety under Hepliaklqana
 38009 | D:15     | Identified Roxanne's Disquisition on the Rocks
 38009 | D:15     | Noticed Roxanne
 38149 | D:15     | Killed Nessos
 38164 | D:15     | HP: 24/111 [cyclops/large rock (13)]
 38426 | D:15     | Reached skill level 12 in Spellcasting
 38459 | D:15     | Noticed an acid blob
 38459 | D:15     | an alligator snapping turtle changed into an acid blob
 38461 | D:15     | Killed an acid blob
 38597 | D:15     | Learned a level 4 spell: Fulminant Prism
 38635 | D:15     | Reached skill level 11 in Fighting
 38635 | D:15     | Reached skill level 11 in Short Blades
 38635 | D:15     | Reached skill level 11 in Long Blades
 38635 | D:15     | Reached skill level 11 in Axes
 38635 | D:15     | Reached skill level 11 in Maces & Flails
 38635 | D:15     | Reached skill level 11 in Polearms
 38635 | D:15     | Reached skill level 11 in Staves
 38635 | D:15     | Reached skill level 11 in Slings
 38635 | D:15     | Reached skill level 11 in Bows
 38635 | D:15     | Reached skill level 11 in Crossbows
 38635 | D:15     | Reached skill level 11 in Throwing
 38635 | D:15     | Reached skill level 11 in Armour
 38635 | D:15     | Reached skill level 11 in Shields
 38635 | D:15     | Reached skill level 11 in Unarmed Combat
 38635 | D:15     | Reached skill level 11 in Evocations
 38768 | D:15     | Reached skill level 12 in Invocations
 38822 | D:15     | Reached skill level 12 in Dodging
 39272 | D:15     | Killed Roxanne
 39457 | D:15     | Found a staircase to the Depths.
 39462 | D:15     | magus.rc [v1.9.6]
 39776 | Swamp:1  | Entered Level 1 of the Swamp
 39783 | Swamp:1  | Reached skill level 12 in Stealth
 40065 | Swamp:1  | magus.rc [v1.9.6]
 40183 | Swamp:1  | Reached XP level 17. HP: 103/117 MP: 7/33
 40226 | Swamp:1  | HP: 27/117 [alligator (11)]
 41043 | Swamp:2  | Noticed Aizul
 41057 | Swamp:2  | Killed Aizul
 41251 | Swamp:2  | HP: 24/117 [will-o-the-wisp/foxfire (29)]
 41274 | Swamp:2  | HP: 29/117 [seven-headed hydra (2)]
 41279 | Swamp:2  | HP: 19/117 [seven-headed hydra (11)]
 41662 | Swamp:2  | Reached skill level 12 in Conjurations
 41958 | Swamp:2  | magus.rc [v1.9.6]
 42527 | Swamp:2  | magus.rc [v1.9.6]
 42678 | Swamp:3  | magus.rc [v1.9.6]
 42820 | Swamp:3  | magus.rc [v1.9.6]
 43296 | Swamp:4  | Entered Level 4 of the Swamp
 43324 | Swamp:4  | Noticed Louise
 43433 | Swamp:4  | Paralysed by a fenstrider witch for 6 turns
 43451 | Swamp:3  | Paralysed by a fenstrider witch for 5 turns
 43454 | Swamp:3  | HP: 25/119 [fenstrider witch (10)]
 43455 | Swamp:3  | HP: 9/119 [fenstrider witch (6)]
 43456 | Swamp:3  | HP: 1/119 [fenstrider witch (8)]
 43456 | Swamp:3  | Slain by a fenstrider witch

Vanquished Creatures
  An acid blob (shapeshifter) (D:15)
  Roxanne (D:15)
  A quicksilver ooze (Gauntlet)
  4 eleionomae
  Nessos (D:15)
  A minotaur (Gauntlet)
  A bunyip (Swamp:4)
  2 fire dragons (Lair:6)
  A rakshasa (D:15)
  A great orb of eyes (D:15)
  3 boulder beetles
  2 ogre magi (D:15)
  7 hydras
  2 vault guards (D:13)
  A catoblepas (D:14)
  A death knight (D:13)
  A spriggan air mage (Swamp:3)
  3 alligators
  4 centaur warriors
  13 death yaks
  7 two-headed ogres
  4 orc high priests (Orc:2)
  Urug (Orc:1)
  A fire crab (D:15)
  A goliath frog (Swamp:1)
  4 spriggan druids
  3 swamp dragons
  A lindwurm (Lair:6)
  A deep elf pyromancer (D:15)
  3 orc knights (Orc:2)
  2 orc sorcerers
  5 will-o-the-wisps
  A manticore (D:15)
  2 wolf spiders
  6 cyclopes
  12 ugly things
  3 black mambas
  4 elephants (Lair:6)
  A gargoyle (D:9)
  2 torpor snails (Lair:6)
  A minotaur zombie (Gauntlet)
  11 cane toads
  5 kobold demonologists
  3 freezing wraiths (D:15)
  7 komodo dragons
  A yaktaur (D:15)
  3 rime drakes
  An efreet (Gauntlet)
  2 tengu conjurers (D:13)
  4 trolls
  3 bloated husks
  5 tyrant leeches
  12 hornets
  A polar bear (Lair:3)
  Grinder (D:6)
  10 slime creatures
  5 blink frogs
  2 jumping spiders (Lair:3)
  A jumping spider (shapeshifter) (D:15)
  5 spriggans
  2 wyverns (Lair:3)
  Sigmund (D:2)
  2 vampires
  2 wraiths (D:13)
  A human (D:13)
  A fire elemental (Gauntlet)
  28 yaks
  Eustachio (D:4)
  4 basilisks
  A steam dragon (Lair:6)
  7 vampire mosquitoes
  A redback simulacrum (D:14)
  10 swamp worms
  Edmund (D:6)
  3 wargs
  An acid dragon (D:13)
  6 water moccasins
  2 hell hounds (Gauntlet)
  14 orc warriors
  An ice beast (D:7)
  3 swamp drakes
  A black bear (Lair:3)
  A necrophage (D:7)
  17 ogres
  5 sky beasts
  12 wolves
  8 centaurs
  2 kobold brigands
  15 bullfrogs
  3 scorpions
  A gnoll sergeant (D:7)
  A wyvern skeleton (D:5)
  A water moccasin skeleton (D:5)
  2 killer bees (D:10)
  5 wights (D:8)
  6 howler monkeys (D:7)
  5 electric eels
  A bullfrog zombie (D:5)
  4 jellies
  A bullfrog skeleton (D:5)
  6 centaur zombies
  8 hounds (D:7)
  31 orc priests
  5 gnoll shamans
  Terence (D:2)
  A centaur skeleton (D:5)
  8 iguanas
  19 orc wizards
  A hell rat (Lair:3)
  A hound zombie (D:5)
  A hound skeleton (D:5)
  2 howler monkey zombies
  23 gnolls
  15 adders
  2 shadow imps
  2 white imps
  An ufetubus (D:5)
  A worm (D:3)
  3 dart slugs (D:1)
  79 orcs
  8 ball pythons
  8 endoplasms
  A giant cockroach (D:2)
  11 goblins
  13 hobgoblins
  3 jackals (D:5)
  7 quokkas
  2 bats
  4 frilled lizards
  28 kobolds
  4 rats
680 creatures vanquished.

Vanquished Creatures (collateral kills)
  Aizul (Swamp:2)
  2 eleionomae
  3 vault guards (D:13)
  4 hydras
  An ogre mage (D:15)
  A centaur warrior (D:15)
  An anaconda (Lair:3)
  4 alligators
  A catoblepas (Lair:2)
  3 two-headed ogres
  3 death yaks
  3 tengu warriors (D:13)
  2 orc high priests (Orc:2)
  A fire crab (Lair:3)
  3 goliath frogs
  A spriggan druid (Swamp:2)
  3 swamp dragons
  A lindwurm (Lair:6)
  A phantasmal warrior (D:13)
  6 orc knights
  10 ugly things
  3 orc sorcerers
  4 will-o-the-wisps
  A cyclops (D:12)
  2 elephants
  4 black mambas
  3 torpor snails (Lair:6)
  A gargoyle (D:12)
  4 cane toads
  A kobold demonologist (D:9)
  A minotaur zombie (Gauntlet)
  An unseen horror (D:12)
  A rime drake (Lair:6)
  3 komodo dragons
  A yaktaur (D:13)
  A tengu conjurer (D:13)
  A bloated husk (Swamp:2)
  2 hornets
  2 trolls
  2 tyrant leeches
  3 blink frogs
  A wolf spider simulacrum (D:14)
  4 slime creatures
  14 yaks
  3 spriggans (Swamp:1)
  2 vampires
  2 basilisks (Lair:5)
  4 wyverns
  A steam dragon (Lair:6)
  11 vampire mosquitoes
  3 swamp worms
  2 acid dragons (Lair:6)
  5 water moccasins
  An ice beast (D:8)
  4 swamp drakes
  24 orc warriors
  A black bear (Lair:3)
  4 ogres
  14 wolves
  3 bullfrogs
  2 killer bees (D:10)
  2 orc priests (Orc:2)
  2 iguanas
  3 orc wizards
  A hell rat (Lair:3)
  3 adders (Lair:5)
  5 orcs
  2 endoplasms (Lair:5)
  A kobold (D:10)
220 creatures vanquished.

Vanquished Creatures (others)
  A bloated husk (Swamp:1)
  35 battlemagi
  6 ancestors
  75 bushes
  40 foxfires
  9 fulminant prisms (D:15)
  62 fungi
  88 plants
316 creatures vanquished.

Grand Total: 1216 creatures vanquished

Table legend:
 A = Non-vault XP
 B = Vault XP
 C = Vault XP percentage of total XP
 D = Non-vault monster count
 E = Vault monster count
 F = Vault count percentage of total count
                 A         B        C        D         E       F
            +---------+---------+-------+---------+---------+-------
      Total |  146822 |   67477 |  31.5 |     619 |     282 |  31.3
            +---------+---------+-------+---------+---------+-------
        D:1 |      52 |       7 |  11.9 |      26 |       4 |  13.3
        D:2 |      65 |     250 |  79.4 |      19 |       2 |   9.5
        D:3 |     101 |       0 |   0.0 |      22 |       0 |   0.0
        D:4 |     562 |     279 |  33.2 |      42 |       2 |   4.5
        D:5 |    1040 |     326 |  23.9 |      30 |       9 |  23.1
        D:6 |     563 |     667 |  54.2 |      10 |       5 |  33.3
        D:7 |    1128 |    4004 |  78.0 |      19 |      57 |  75.0
        D:8 |    1665 |     346 |  17.2 |      27 |       4 |  12.9
        D:9 |    3141 |       0 |   0.0 |      28 |       0 |   0.0
       D:10 |    2848 |       0 |   0.0 |      19 |       0 |   0.0
       D:11 |    3094 |       0 |   0.0 |       9 |       0 |   0.0
       D:12 |    5021 |       0 |   0.0 |      11 |       0 |   0.0
       D:13 |    8801 |    5699 |  39.3 |      18 |      10 |  35.7
       D:14 |   10094 |       0 |   0.0 |      23 |       0 |   0.0
       D:15 |   22103 |   14455 |  39.5 |      52 |      23 |  30.7
     Lair:1 |    2279 |       0 |   0.0 |      11 |       0 |   0.0
     Lair:2 |    3204 |       0 |   0.0 |      15 |       0 |   0.0
     Lair:3 |    2818 |   10771 |  79.3 |      16 |      34 |  68.0
     Lair:4 |    5330 |     979 |  15.5 |      22 |       6 |  21.4
     Lair:5 |    9773 |    1798 |  15.5 |      22 |      19 |  46.3
     Lair:6 |   17685 |    9694 |  35.4 |      43 |      29 |  40.3
    Swamp:1 |   14487 |       0 |   0.0 |      34 |       0 |   0.0
    Swamp:2 |   12102 |    1220 |   9.2 |      21 |       1 |   4.5
    Swamp:3 |    9598 |       0 |   0.0 |      21 |       0 |   0.0
    Swamp:4 |    3199 |     267 |   7.7 |       5 |       2 |  28.6
      Orc:1 |    1971 |     798 |  28.8 |      15 |       1 |   6.2
      Orc:2 |    4098 |   12207 |  74.9 |      39 |      66 |  62.9
   Gauntlet |       0 |    3710 | 100.0 |       0 |       8 | 100.0
            +---------+---------+-------+---------+---------+-------

Illustrated notes

Table legend:
 A = Kills in this place as a percentage of kills in entire the game.
 B = Kills by you in this place as a percentage of kills by you in the entire game.
 C = Kills by friends in this place as a percentage of kills by friends in the entire game.
 D = Other kills in this place as a percentage of other kills in the entire game.
 E = Experience gained in this place as a percentage of experience gained in the entire game.
 F = Experience gained in this place divided by the number of levels of this place that you have seen.
                   A       B       C       D       E      F
               +-------+-------+-------+-------+-------+----------------------
         Total | 100.0 | 100.0 | 100.0 | 100.0 | 100.0 | 7389.6
       Dungeon |  52.3 |  60.7 |  26.4 |   0.0 |  40.3 | 5754.1
          Lair |  24.1 |  19.3 |  39.1 |   0.0 |  30.0 | 10721.8
         Swamp |   9.3 |   7.1 |  15.9 | 100.0 |  19.1 | 10218.2
  Orcish Mines |  13.4 |  11.9 |  18.2 |   0.0 |   8.9 | 9537.0
      Gauntlet |   0.9 |   1.0 |   0.5 |   0.0 |   1.7 | 3710.0
               +-------+-------+-------+-------+-------+----------------------

Table legend: (Time is in decaauts)
 A = Elapsed time spent in this place.
 B = Non-inter-level travel time spent in this place.
 C = Inter-level travel time spent in this place.
 D = Time resting spent in this place.
 E = Time spent auto-exploring this place.
 F = Levels seen in this place.
 G = Mean time per level.
                   A        B        C        D        E       F      G
               +--------+--------+--------+--------+--------+-----+--------+
         Total |  43514 |  41200 |   2314 |   6385 |  25011 |  29 | 1500.5 |
       Dungeon |  23852 |  22279 |   1573 |   2374 |  15384 |  15 | 1590.1 |
        Temple |    224 |    191 |     33 |      0 |    170 |   1 |  224.0 |
          Lair |  12011 |  11461 |    550 |   3072 |   5164 |   6 | 2001.8 |
         Swamp |   3389 |   3315 |     74 |    630 |   1754 |   4 |  847.2 |
  Orcish Mines |   3331 |   3248 |     83 |    113 |   2364 |   2 | 1665.5 |
      Gauntlet |    704 |    704 |      0 |    196 |    175 |   1 |  704.0 |
               +--------+--------+--------+--------+--------+-----+--------+

Top non-repeatable levels by time:
     D:7: 3799 daAuts
  Lair:3: 3320 daAuts
  Lair:5: 3089 daAuts
     D:9: 2410 daAuts
   Orc:2: 2323 daAuts
  Lair:6: 2065 daAuts
     D:5: 1932 daAuts
     D:4: 1748 daAuts
    D:13: 1704 daAuts
    D:15: 1683 daAuts
  Lair:4: 1669 daAuts
    D:12: 1515 daAuts
     D:2: 1392 daAuts
 Swamp:1: 1305 daAuts
     D:8: 1248 daAuts
